PBL
YORK REVOLUTION @ COLUMBUS REDS
05/21/2044
 
TOP OF THE 1ST
York Revolution batting - Pitching for Columbus Reds : LHP Keith Egan
Pitching: LHP Keith Egan
Batting: RHB Tony Perez 0-0: Foul Ball, location: 2F
0-1: Called Strike
0-2: Strikes out swinging, 2-3 out at first.
Batting: RHB Chris Myers 0-0: Ground out 1-3 (Groundball, 15S, EV 70.0 MPH)
Batting: RHB Trent Hedrick 0-0: Ball
1-0: Called Strike
1-1: Ball
2-1: Ground out 5-3 (Groundball, 5L, EV 104.4 MPH)
Top of the 1st over - 0 runs, 0 hits, 0 errors, 0 left on base; York 0 - Columbus 0
BOTTOM OF THE 1ST
Columbus Reds batting - Pitching for York Revolution : LHP Chad Mroczkowski
Pitching: LHP Chad Mroczkowski
Batting: RHB Nick Miller 0-0: Ball
1-0: Ball
2-0: SINGLE (Groundball, 3D, EV 96.2 MPH)
Batting: RHB R.J. Romberg 0-0: Called Strike
0-1: Foul Ball, location: 2F
0-2: Ball
1-2: Ball
2-2: Foul Ball, location: 2F
2-2: Fly out, F8 (Flyball, 8LD, EV 84.4 MPH)
Batting: RHB Pat McCoy 0-0: Ball
1-0: Called Strike
1-1: Ball
Nick Miller steals 2nd base
2-1: Ball
3-1: Ground out 4-3 (Groundball, 34, EV 86.2 MPH)
Nick Miller to third
Batting: LHB Tim Kirk 0-0: Fly out, F4 (Popup, 4M, EV 64.4 MPH)
Bottom of the 1st over - 0 runs, 1 hit, 0 errors, 1 left on base; York 0 - Columbus 0
TOP OF THE 2ND
York Revolution batting - Pitching for Columbus Reds : LHP Keith Egan
Batting: RHB Jose Corral 0-0: Foul Ball, location: 2F
0-1: Foul Ball, location: 2F
0-2: Foul Ball, location: 2F
0-2: Strikes out looking
Batting: RHB Lee Wright 0-0: Called Strike
0-1: DOUBLE (Flyball, 8RXD, EV 93.8 MPH)
Batting: LHB Josh George 0-0: Ball
1-0: Fly out, F8 (Line Drive, 8RD, EV 91.9 MPH)
Batting: RHB Jake Cox 0-0: Foul Ball, location: 2F
0-1: Ball
1-1: Swinging Strike
1-2: Ball
2-2: Foul Ball, location: 2F
2-2: Strikes out swinging
Top of the 2nd over - 0 runs, 1 hit, 0 errors, 1 left on base; York 0 - Columbus 0
BOTTOM OF THE 2ND
Columbus Reds batting - Pitching for York Revolution : LHP Chad Mroczkowski
Batting: LHB Chris Redhead 0-0: Ball
1-0: Swinging Strike
1-1: Foul Ball, location: 2F
1-2: Ball
2-2: Ball
3-2: Foul Ball, location: 2F
3-2: Base on Balls
Batting: RHB Fred Barbour 0-0: Ball
1-0: Fly out, F9 (Flyball, 89D, EV 83.1 MPH)
Batting: LHB Elijah Benton 0-0: Called Strike
0-1: Swinging Strike
0-2: Ball
1-2: Fly out, F8 (Flyball, 8RM, EV 91.2 MPH)
Batting: RHB Sang-ton Pak 0-0: Ball
1-0: Ball
2-0: Called Strike
2-1: Ball
3-1: Called Strike
3-2: Ground out 6-3 (Groundball, 56, EV 101.9 MPH)
Bottom of the 2nd over - 0 runs, 0 hits, 0 errors, 1 left on base; York 0 - Columbus 0
TOP OF THE 3RD
York Revolution batting - Pitching for Columbus Reds : LHP Keith Egan
Batting: RHB Victor Arias 0-0: Foul Ball, location: 2F
0-1: Fly out, F8 (Flyball, 8LD, EV 96.9 MPH)
Batting: RHB Joe Hewitt 0-0: Called Strike
0-1: Fly out, F9 (Flyball, 9, EV 86.9 MPH)
Batting: RHB Tony Perez 0-0: Ball
1-0: Ground out 4-3 (Groundball, 4M, EV 86.2 MPH)
Top of the 3rd over - 0 runs, 0 hits, 0 errors, 0 left on base; York 0 - Columbus 0
BOTTOM OF THE 3RD
Columbus Reds batting - Pitching for York Revolution : LHP Chad Mroczkowski
Batting: RHB Alex Villagomez 0-0: Ball
1-0: Fly out, F6 (Popup, 6M, EV 48.8 MPH)
Batting: RHB Nick Miller 0-0: Fly out, F9 (Flyball, 9D, EV 85.6 MPH)
Batting: RHB R.J. Romberg 0-0: Ball
1-0: Swinging Strike
1-1: Ball
2-1: Foul Ball, location: 2F
2-2: Ball
3-2: Foul Ball, location: 2F
3-2: Base on Balls
Batting: RHB Pat McCoy 0-0: Called Strike
0-1: Foul Ball, location: 2F
0-2: Ball
1-2: Foul Ball, location: 2F
1-2: SINGLE (Line Drive, 9S, EV 85.6 MPH)
R.J. Romberg to second
Batting: LHB Tim Kirk 0-0: Ball
1-0: Foul Ball, location: 2F
1-1: Ball
2-1: Ground out 4-3 (Groundball, 4, EV 109.4 MPH)
Bottom of the 3rd over - 0 runs, 1 hit, 0 errors, 2 left on base; York 0 - Columbus 0
TOP OF THE 4TH
York Revolution batting - Pitching for Columbus Reds : LHP Keith Egan
Batting: RHB Chris Myers 0-0: Fly out, F2 (Popup, 13S, EV 84.4 MPH)
Batting: RHB Trent Hedrick 0-0: Foul Ball, location: 2F
0-1: Called Strike
0-2: Ball
1-2: Ball
2-2: Ball
3-2: SINGLE (Flyball, 8LS, EV 95.6 MPH)
Batting: RHB Jose Corral 0-0: Called Strike
0-1: Ball
1-1: Ball
2-1: Ball
3-1: Foul Ball, location: 2F
3-2: Base on Balls
Trent Hedrick to second
Batting: RHB Lee Wright 0-0: Ball
Wild Pitch!
Trent Hedrick to third
Jose Corral to second
1-0: Called Strike
1-1: Ball
2-1: Foul Ball, location: 2F
2-2: Fly out, F3 (Popup, 34, EV 76.9 MPH)
Batting: LHB Josh George 0-0: Called Strike
0-1: Ball
1-1: Foul Ball, location: 2F
1-2: Ball
2-2: Ball
3-2: Foul Ball, location: 2F
3-2: DOUBLE (Line Drive, 9LS, EV 91.9 MPH)
Trent Hedrick scores
Jose Corral scores
Batting: RHB Jake Cox 0-0: Ball
1-0: Foul Ball, location: 2F
1-1: SINGLE (Line Drive, 7S, EV 100.6 MPH)
Josh George to third
Batting: RHB Victor Arias 0-0: Foul Ball, location: 2F
0-1: Foul Ball, location: 2F
0-2: Ball
1-2: SINGLE (Groundball, 3S, EV 69.4 MPH) (infield hit)
Josh George scores
Jake Cox to second
Batting: RHB Joe Hewitt 0-0: Foul Ball, location: 2F
0-1: Ground out 1-3 (Groundball, 13S, EV 68.8 MPH)
Top of the 4th over - 3 runs, 4 hits, 0 errors, 2 left on base; York 3 - Columbus 0
BOTTOM OF THE 4TH
Columbus Reds batting - Pitching for York Revolution : LHP Chad Mroczkowski
Batting: LHB Chris Redhead 0-0: Called Strike
0-1: Ball
1-1: DOUBLE (Flyball, 89XD, EV 106.2 MPH)
Batting: RHB Fred Barbour 0-0: Ball
1-0: Swinging Strike
1-1: Ground out 4-3 (Groundball, 4M, EV 80.6 MPH)
Chris Redhead to third
Batting: LHB Elijah Benton 0-0: Swinging Strike
0-1: Foul Ball, location: 2F
0-2: Ball
1-2: Fly out, F7 (Flyball, 7S, EV 88.1 MPH)
Batting: RHB Sang-ton Pak 0-0: Swinging Strike
0-1: Foul Ball, location: 2F
0-2: Strikes out looking
Bottom of the 4th over - 0 runs, 1 hit, 0 errors, 1 left on base; York 3 - Columbus 0
TOP OF THE 5TH
York Revolution batting - Pitching for Columbus Reds : LHP Keith Egan
Batting: RHB Tony Perez 0-0: Ground out 6-3 (Groundball, 56, EV 86.2 MPH)
Batting: RHB Chris Myers 0-0: Ball
1-0: Ball
2-0: Ball
3-0: Base on Balls
Batting: RHB Trent Hedrick 0-0: Called Strike
0-1: Ball
1-1: Ball
2-1: DOUBLE (Line Drive, 9LS, EV 105.0 MPH)
Chris Myers to third
Batting: RHB Jose Corral 0-0: Ball
1-0: Ball
2-0: Called Strike
2-1: Ball
3-1: Base on Balls
Batting: RHB Lee Wright 0-0: Foul Ball, location: 2F
0-1: SINGLE (Groundball, 56D, EV 95.0 MPH)
Chris Myers scores
Trent Hedrick to third
Jose Corral to second
Runner from 3rd tries for Home, SAFE, throw by LF to home
Batting: LHB Josh George 0-0: Called Strike
0-1: Ball
1-1: Swinging Strike
1-2: Ball
2-2: Foul Ball, location: 2F
2-2: Strikes out swinging
Batting: RHB Jake Cox 0-0: Ball
1-0: Ball
2-0: Fly out, F8 (Flyball, 8LD, EV 95.6 MPH)
Top of the 5th over - 2 runs, 2 hits, 0 errors, 2 left on base; York 5 - Columbus 0
BOTTOM OF THE 5TH
Columbus Reds batting - Pitching for York Revolution : LHP Chad Mroczkowski
Batting: RHB Alex Villagomez 0-0: Foul Ball, location: 2F
0-1: Ground out 5-3 (Groundball, 56, EV 86.2 MPH)
Batting: RHB Nick Miller 0-0: Called Strike
0-1: SOLO HOME RUN (Flyball, 7LD, EV 99.4 MPH), Distance : 359 ft
Batting: RHB R.J. Romberg 0-0: Ball
1-0: Foul Ball, location: 2F
1-1: Ball
2-1: Foul Ball, location: 2F
2-2: Fly out, F8 (Flyball, 8RD, EV 103.1 MPH)
Batting: RHB Pat McCoy 0-0: Foul Ball, location: 2F
0-1: Swinging Strike
0-2: Ball
1-2: Foul Ball, location: 2F
1-2: Foul Ball, location: 2F
1-2: Ball
2-2: Foul Ball, location: 2F
2-2: Foul Ball, location: 2F
2-2: Foul Ball, location: 2F
2-2: SINGLE (Groundball, 34D, EV 101.9 MPH)
Batting: LHB Tim Kirk 0-0: Called Strike
0-1: Ball
Pat McCoy steals 2nd base
1-1: Fly out, F8 (Line Drive, 8RD, EV 93.1 MPH)
Bottom of the 5th over - 1 run, 2 hits, 0 errors, 1 left on base; York 5 - Columbus 1
TOP OF THE 6TH
York Revolution batting - Pitching for Columbus Reds : LHP Keith Egan
Batting: RHB Victor Arias 0-0: Ball
1-0: Ball
2-0: Fly out, F9 (Line Drive, 9, EV 93.8 MPH)
Pitching: RHP Brian Trejo
Batting: RHB Joe Hewitt 0-0: Ball
1-0: Called Strike
1-1: Swinging Strike
1-2: Strikes out swinging
Batting: RHB Tony Perez 0-0: SOLO HOME RUN (Flyball, 7D, EV 99.4 MPH), Distance : 381 ft
Batting: RHB Chris Myers 0-0: Called Strike
0-1: Fly out, F9 (Line Drive, 9, EV 92.5 MPH)
Top of the 6th over - 1 run, 1 hit, 0 errors, 0 left on base; York 6 - Columbus 1
BOTTOM OF THE 6TH
Columbus Reds batting - Pitching for York Revolution : LHP Chad Mroczkowski
Batting: LHB Chris Redhead 0-0: Ball
1-0: Ball
2-0: Ball
3-0: Called Strike
3-1: Called Strike
3-2: Ground out U3 (Groundball, 3, EV 86.2 MPH)
Batting: RHB Fred Barbour 0-0: Ball
1-0: Ball
2-0: Ball
3-0: Called Strike
3-1: Fly out, F3 (Popup, 23F, EV 85.0 MPH)
Batting: LHB Elijah Benton 0-0: Ball
1-0: Ball
2-0: SINGLE (Line Drive, 9S, EV 105.0 MPH)
Batting: RHB Sang-ton Pak 0-0: Called Strike
Balk!
Elijah Benton to second
0-1: Fly out, F8 (Flyball, 78M, EV 86.9 MPH)
Bottom of the 6th over - 0 runs, 1 hit, 0 errors, 1 left on base; York 6 - Columbus 1
TOP OF THE 7TH
York Revolution batting - Pitching for Columbus Reds : RHP Brian Trejo
Batting: RHB Trent Hedrick 0-0: Called Strike
0-1: Swinging Strike
0-2: Ball
1-2: Reached on error, E6 (Groundball, 6, EV 79.4 MPH)
Batting: RHB Jose Corral 0-0: Called Strike
0-1: Ball
Trent Hedrick is caught stealing 2nd base 2-4
1-1: Foul Ball, location: 2F
1-2: SINGLE (Groundball, 56D, EV 94.4 MPH)
Batting: RHB Lee Wright 0-0: Grounds into double play, 6-4-3 (Groundball, 6, EV 108.1 MPH)
Top of the 7th over - 0 runs, 1 hit, 1 error, 0 left on base; York 6 - Columbus 1
BOTTOM OF THE 7TH
Columbus Reds batting - Pitching for York Revolution : LHP Chad Mroczkowski
Batting: RHB Alex Villagomez 0-0: Ball
1-0: Ball
2-0: Called Strike
2-1: Ball
3-1: Ground out 4-3 (Groundball, 4, EV 75.6 MPH)
Batting: RHB Nick Miller 0-0: Called Strike
0-1: Called Strike
0-2: Fly out, F3 (Popup, 3F, EV 68.8 MPH)
Batting: RHB R.J. Romberg 0-0: Called Strike
0-1: Fly out, F3 (Popup, 23F, EV 84.4 MPH)
Bottom of the 7th over - 0 runs, 0 hits, 0 errors, 0 left on base; York 6 - Columbus 1
TOP OF THE 8TH
York Revolution batting - Pitching for Columbus Reds : RHP Brian Trejo
Batting: LHB Josh George 0-0: Ball
1-0: DOUBLE (Flyball, 8LXD, EV 88.1 MPH)
Batting: RHB Jake Cox 0-0: Swinging Strike
0-1: Ball
1-1: Foul Ball, location: 2F
1-2: Ball
2-2: Foul Ball, location: 2F
2-2: Foul Ball, location: 2F
2-2: Foul Ball, location: 2F
2-2: Ball
3-2: Foul Ball, location: 2F
3-2: Base on Balls
Batting: RHB Victor Arias 0-0: Called Strike
0-1: Ball
1-1: Foul Ball, location: 2F
1-2: Strikes out swinging
Batting: RHB Joe Hewitt 0-0: Ball
1-0: Ball
2-0: Ball
3-0: Called Strike
3-1: Swinging Strike
3-2: SINGLE (Flyball, 89S, EV 92.5 MPH)
Josh George to third
Jake Cox to second
Runner from 3rd tries for Home, SAFE, throw by RF to home
Batting: RHB Tony Perez 0-0: Called Strike
0-1: Ball
1-1: Ball
2-1: Ball
3-1: Base on Balls
Jake Cox to third
Joe Hewitt to second
Batting: RHB Chris Myers 0-0: SINGLE (Groundball, 6MD, EV 96.9 MPH)
Jake Cox scores
Joe Hewitt to third
Tony Perez to second
Pinch Hitting: LHB Joel Moore 0-0: Ball
1-0: Ball
2-0: Ball
3-0: Called Strike
3-1: Fly out, F7 (Flyball, 7, EV 96.2 MPH)
Runner from 3rd tags up, SCORES, no throw by LF
Batting: RHB Jose Corral 0-0: Ball
1-0: Foul Ball, location: 2F
1-1: Foul Ball, location: 2F
1-2: Strikes out swinging
Top of the 8th over - 3 runs, 3 hits, 0 errors, 2 left on base; York 9 - Columbus 1
BOTTOM OF THE 8TH
Columbus Reds batting - Pitching for York Revolution : LHP Chad Mroczkowski
Pitching: LHP Mike Aldrich
Now at 1B: Joel Moore
Batting: RHB Pat McCoy 0-0: Called Strike
0-1: Ball
1-1: Ground out 5-3 (Groundball, 56S, EV 76.9 MPH)
Batting: LHB Tim Kirk 0-0: SINGLE (Groundball, 4D, EV 103.8 MPH)
Batting: LHB Chris Redhead 0-0: Ball
1-0: Swinging Strike
1-1: Foul Ball, location: 2F
1-2: Grounds into double play, 4-6-3 (Groundball, 4, EV 107.5 MPH)
Bottom of the 8th over - 0 runs, 1 hit, 0 errors, 0 left on base; York 9 - Columbus 1
TOP OF THE 9TH
York Revolution batting - Pitching for Columbus Reds : RHP Brian Trejo
Batting: RHB Lee Wright 0-0: Ball
1-0: SINGLE (Line Drive, 6D, EV 97.5 MPH)
Batting: LHB Josh George 0-0: SINGLE (Groundball, 4M, EV 106.9 MPH)
Lee Wright to second
Batting: RHB Jake Cox 0-0: 3-RUN HOME RUN (Flyball, 7D, EV 103.8 MPH), Distance : 400 ft
Pitching: RHP Kyle Vance
Batting: RHB Victor Arias 0-0: Called Strike
0-1: Foul Ball, location: 2F
0-2: Ball
1-2: Strikes out swinging
Batting: RHB Joe Hewitt 0-0: Ground out 4-3 (Groundball, 4MS, EV 93.8 MPH)
Batting: RHB Tony Perez 0-0: Called Strike
0-1: Foul Ball, location: 2F
0-2: Ball
1-2: Foul Ball, location: 2F
1-2: SINGLE (Flyball, 34D, EV 90.6 MPH)
Batting: RHB Chris Myers 0-0: Called Strike
0-1: Single, Error in OF, E8, batter to second base (Groundball, 6MD, EV 109.4 MPH)
Tony Perez to third
Batting: LHB Joel Moore 0-0: Called Strike
0-1: Ball
1-1: Called Strike
1-2: Ball
2-2: Foul Ball, location: 2F
2-2: Ground out 4-3 (Groundball, 4S, EV 82.5 MPH)
Top of the 9th over - 3 runs, 5 hits, 1 error, 2 left on base; York 12 - Columbus 1
BOTTOM OF THE 9TH
Columbus Reds batting - Pitching for York Revolution : LHP Mike Aldrich
Batting: RHB Fred Barbour 0-0: Swinging Strike
0-1: Ball
1-1: Ground out U3 (Groundball, 34, EV 86.2 MPH)
Batting: LHB Elijah Benton 0-0: Ball
1-0: Ball
2-0: SINGLE (Groundball, 6MS, EV 68.8 MPH) (infield hit)
Batting: RHB Sang-ton Pak 0-0: Called Strike
0-1: Ball
1-1: Fly out, F8 (Flyball, 8LD, EV 100.0 MPH)
Batting: RHB Alex Villagomez 0-0: SINGLE (Flyball, 8RS, EV 91.9 MPH)
Elijah Benton to second
Batting: RHB Nick Miller 0-0: Ball
1-0: Ball
2-0: Foul Ball, location: 2F
2-1: SINGLE (Groundball, 4MD, EV 103.8 MPH)
Elijah Benton to third
Alex Villagomez to second
Batting: RHB R.J. Romberg 0-0: Ball
1-0: Foul Ball, location: 2F
1-1: Fly out, F9 (Line Drive, 9, EV 93.1 MPH)
Bottom of the 9th over - 0 runs, 3 hits, 0 errors, 3 left on base; York 12 - Columbus 1
Thursday, March 31st , 2022 - OOTP Baseball 22.12 Build 89